 Dungeon Crawl Stone Soup version 0.31-a0-188-g5e087ee2ca (webtiles) character file.

Game seed: 9140438824101774448

65 qw the Shooter (level 3, 0/20 HPs)
             Began as a Deep Elf Hunter on June 23, 2023.
             Killed from afar by Sigmund (9 damage)
             ... with a puff of flame
             ... on level 3 of the Dungeon.
             The game lasted 00:00:42 (1712 turns).

qw the Shooter (Deep Elf Hunter)                    Turns: 1712, Time: 00:00:42

Health: 0/20       AC:  5    Str:  7    XL:     3   Next: 92%
Magic:  5/5        EV: 10    Int: 17    God:
Gold:   129        SH:  0    Dex: 17    Spells: 2/2 levels left

rFire   . . .        Y - +0 shortbow
rCold   . . .        (shield currently unavailable)
rNeg    . . .        g - +0 ring mail
rPois   .            (no helmet)
rElec   .            (no cloak)
rCorr   .            (no gloves)
SInv    +            (no boots)
Will    .....        (no amulet)
Stlth   +            (no ring)
HPRegen 0.23/turn    (no ring)
MPRegen 0.09/turn

%: no passive effects
@: no status effects
A: see invisible, clever 1, weak 1
a: no special abilities


You were on level 3 of the Dungeon.
You visited 1 branch of the dungeon, and saw 3 of its levels.

You collected 129 gold pieces.


Innate Abilities, Weirdness & Mutations

You have supernaturally acute eyesight. (SInv)
Your mind is acute. (Int +4, Str/Dex -1)
You are weak. (Str -2)


   Skills:
 - Level 1.5 Fighting
 + Level 7.4 Ranged Weapons
 - Level 2.4 Dodging
 - Level 1.2 Stealth


You had 2 spell levels left.
You didn't know any spells.
Your spell library was empty.

Inventory:

Hand Weapons
 Y - a +0 shortbow (weapon)
Armour
 g - a +0 ring mail (worn)
Wands
 d - a wand of digging (3)
Scrolls
 c - a scroll of blinking {unknown}
 f - a scroll of identify
Potions
 a - a potion of curing {unknown}
 b - a potion of heal wounds
 e - 2 potions of magic {unknown}

Dungeon Overview and Level Annotations

Branches:
Dungeon (3/15)

Altars:
Fedhas

Annotations:
D:3 Sigmund


Message History

The magic dart hits you.
Enter note:
Enter note:
Enter note:
Enter note:
Enter note:
Enter note:
Enter note:
Enter note:
Enter note: You shoot an arrow.
The arrow closely misses Sigmund.
Sigmund gestures at you while chanting. The puff of flame hits you.
You shoot an arrow.
The arrow hits Sigmund but does no damage.
Sigmund gestures at you while chanting.
You are confused.
Sigmund hits you but does no damage.
Sigmund gestures wildly while chanting.
Sigmund flickers and vanishes for a moment.
Sigmund closely misses you. Sigmund hits you but does no damage.
You feel less confused.
Sigmund points at you and mumbles some strange words.
You resist with some effort.
You shoot an arrow. The arrow hits Sigmund.
Sigmund is lightly wounded.
Sigmund closely misses you.
You shoot an arrow. The arrow hits Sigmund.
Sigmund is moderately wounded.
Sigmund hits you from afar with a +0 scythe!
You shoot an arrow. The arrow barely misses Sigmund.
Sigmund completely misses you.
You shoot an arrow.
The arrow hits Sigmund but does no damage.
Sigmund is moderately wounded.
You shoot an arrow. The arrow closely misses Sigmund.
Sigmund gestures at you while chanting. The puff of flame hits you!
You die...

#####...###.#...........).
# #...# #.#####.######.. #
#...# #....##.# . # #####
####.##.# # #....# #
########### # #.........#
# #####.#######.# #######
#.....#.@...#.# ......#
#.#####.###.#.# #####.#
#.# #@#.....# #.###.#
#.####### #.....# #.
####### ##


You could see Sigmund (invisible).

Vanquished Creatures
  An adder (D:2)
  A worm (D:3)
  A dart slug (D:2)
  5 orcs (D:3)
  3 ball pythons
  5 bats
  3 endoplasms
  A giant cockroach (D:2)
  2 hobgoblins
  2 jackals (D:2)
  2 quokkas (D:1)
  5 frilled lizards
  4 goblins
  3 kobolds
  8 rats
46 creatures vanquished.

Notes
Turn   | Place    | Note
-------+----------+-------------------------------------------
     0 | D:1      | qw the Deep Elf Hunter began the quest for the Orb.
     0 | D:1      | Reached XP level 1. HP: 12/12 MP: 3/3
     0 | D:1      | 0 ||| qw: Version: 0.3-a-9-g12657ce
     0 | D:1      | 0 ||| qw: Game counter: 3830
     0 | D:1      | 0 ||| qw: Always use a shield: true
     0 | D:1      | 0 ||| qw: God list: Okawaru
     0 | D:1      | 0 ||| qw: Allow faded altars: false
     0 | D:1      | 0 ||| qw: Do Orc after D:15 true
     0 | D:1      | 0 ||| qw: Do second Lair branch before Depths: true
     0 | D:1      | 0 ||| qw: Lair rune preference: random
     0 | D:1      | 0 ||| qw: Plans: Normal
     0 | D:1      | 0 ||| PLANNING D:1-11
   230 | D:1      | Reached XP level 2. HP: 16/16 MP: 4/4
   248 | D:1      | Reached skill level 6 in Ranged Weapons
   720 | D:1      | 720 ||| UPGRADING to +0 ring mail.
   730 | D:1      | 730 ||| DROPPING +0 leather armour.
   731 | D:1      | 731 ||| READING scroll labelled COICUH UPAIRGH.
   732 | D:1      | 732 ||| READING 2 scrolls labelled SOGYUV KURHUD.
   733 | D:1      | 733 ||| READING scroll labelled BUMOTO FUUTWU.
   734 | D:1      | 734 ||| DRINKING 2 smoky green potions.
   734 | D:1      | Gained mutation: Your mind is acute. (Int +4, Str/Dex -1)
                  | [potion of mutation]
   734 | D:1      | Gained mutation: You are frail. (-10% HP) [potion of
                  | mutation]
   734 | D:1      | Gained mutation: You are partially covered in iridescent
                  | scales. (AC +2) [potion of mutation]
   735 | D:1      | 735 ||| DRINKING potion of mutation.
   735 | D:1      | Lost mutation: You are frail. (-10% HP) [potion of
                  | mutation]
   735 | D:1      | Lost mutation: You are partially covered in iridescent
                  | scales. (AC +2) [potion of mutation]
   735 | D:1      | Gained mutation: You are weak. (Str -2) [potion of
                  | mutation]
   735 | D:1      | Gained mutation: You have supernaturally acute eyesight.
                  | (SInv) [potion of mutation]
   744 | D:1      | 744 ||| DROPPING scroll of butterflies.
  1013 | D:2      | Found a faded altar of an unknown god.
  1058 | D:2      | Reached XP level 3. HP: 20/20 MP: 5/5
  1306 | D:2      | 1306 ||| READING 3 scrolls labelled HINLO WYCRA.
  1307 | D:2      | 1307 ||| DRINKING 2 sapphire potions.
  1308 | D:2      | 1308 ||| DROPPING 2 scrolls of noise.
  1378 | D:3      | Reached skill level 7 in Ranged Weapons
  1415 | D:3      | Found a blossoming altar of Fedhas.
  1698 | D:3      | Noticed Sigmund
  1712 | D:3      | Killed from afar by Sigmund

Levels and vault maps discovered:
D:1:      sevenhm_arrival_forest_fort_large_2, layout_basic,
          chequers_serial_rivers_small_3
D:2:      layout_loops_ring, dreamdust_ecumenical_altar_sealed_demon,
          minivault_5
D:3:      layout_basic, fedhas_altar_1, uniq_sigmund

Skill      XL: |  1  2  3 |
---------------+----------+-----
Ranged Weapons | 6 7 |  7.4
Fighting       | |  1.5
Dodging        | |  2.4
Stealth        | |  1.2

Action                     || total
---------------------------++-------
   Fire: Shortbow          ||   141
    Use: Scroll            ||     4
         Potion            ||     3
 Armour: Leather armour    ||     6
         Ring mail         ||    14
  Dodge: Dodged            ||    36

Table legend:
 A = Non-vault XP
 B = Vault XP
 C = Vault XP percentage of total XP
 D = Non-vault monster count
 E = Vault monster count
 F = Vault count percentage of total count
                 A         B        C        D         E       F
            +---------+---------+-------+---------+---------+-------
      Total |      93 |       0 |   0.0 |      46 |       0 |   0.0
            +---------+---------+-------+---------+---------+-------
        D:1 |      21 |       0 |   0.0 |      14 |       0 |   0.0
        D:2 |      38 |       0 |   0.0 |      15 |       0 |   0.0
        D:3 |      34 |       0 |   0.0 |      17 |       0 |   0.0
            +---------+---------+-------+---------+---------+-------
